 Dungeon Crawl Stone Soup version 0.28-a0-1206-g193881aaa2 (webtiles) character file.

Game seed: 4699987212144564532

256 sanka the Cudgeller (level 5, 0/43 HPs)
             Began as a Palentonga Abyssal Knight on Dec 20, 2021.
             Was a Believer of Lugonu.
             Slain by a lemure (7 damage)
             ... led by Pikel
             ... on level 3 of the Dungeon.
             The game lasted 00:04:38 (4259 turns).

sanka the Cudgeller (Palentonga Abyssal Knight)     Turns: 4259, Time: 00:04:39

Health: 0/43       AC:  5    Str: 19    XL:     5   Next: 92%
Magic:  7/7        EV:  9    Int: 10    God:    Lugonu [**....]
Gold:   56         SH:  0    Dex: 10    Spells: 4/4 levels left

rFire   . . .      SeeInvis +   a - +1 mace
rCold   . . .      Faith    .   (no shield)
rNeg    . . .      Spirit   .   b - +0 leather armour
rPois   .          Reflect  .   (no helmet)
rElec   .          Harm     .   f - +0 cloak
rCorr   .          Rampage  .   (no gloves)
Will    .....                   (no barding)
Stlth   +.........              (no amulet)
HPRegen 0.14/turn               (no ring)
MPRegen 0.10/turn               (no ring)

@: no status effects
A: large, rugged brown scales 3, see invisible, deformed body, roll 1, armoured
tail
a: Rolling Charge, Renounce Religion, Depart the Abyss, Bend Space


You were on level 3 of the Dungeon.
You worshipped Lugonu.
Lugonu was pleased with you.
You visited 1 branch of the dungeon, and saw 4 of its levels.
You visited the Abyss 1 time.

You collected 132 gold pieces.
You spent 76 gold pieces at shops.


Innate Abilities, Weirdness & Mutations

You are completely covered in rugged brown scales. (AC +3, +7% HP)
You have supernaturally acute eyesight. (SInv)
Armour fits poorly on your strangely shaped body.
You can roll at nearby foes to attack.
You have a long armoured tail.


   Skills:
 - Level 3.0 Fighting
 - Level 6.0 Maces & Flails
 - Level 1.5 Armour
 - Level 0.7 Dodging
 + Level 2.8 Invocations


You had 4 spell levels left.
You didn't know any spells.
Your spell library contained the following spells:

 Spells                   Type           Power      Damage    Failure   Level
 Passwall                 Tmut/Erth      0%         N/A       56%         2
 Swiftness                Air            0%         N/A       80%         3

Inventory:

Hand Weapons
 a - a +1 mace (weapon)
Armour
 b - a +0 leather armour (worn)
 f - a +0 cloak (worn)
Magical Staves
 g - a staff of poison
Scrolls
 c - 2 scrolls of vulnerability {unknown}
 d - a scroll of torment {unknown}
 e - 2 scrolls of identify {@r1}
 i - 2 scrolls of fog
Potions
 h - a potion of attraction {!q}

Dungeon Overview and Level Annotations

Branches:
Dungeon (4/15)
 Temple: D:4-7

Altars:
Makhleb
Trog
Wu Jian
Yredelemnul

Shops:
D:2 [[(

Annotations:
D:4 Pikel

.......≈≈≈≈▒
▒.......▒▒..▒▒▒▒.▒
.♣_.....≈≈≈▒
▒.▒▒▒▒▒>.........▒
..)......≈≈▒ ▒>▒
▒▒▒▒..▒▒._.▒
..........≈▒ ▒.▒
▒..▒▒...▒
▒▒▒▒▒.▒▒▒▒▒▒▒▒▒▒.▒
▒..▒▒▒...
▒.▒..........▒
▒..▒ ▒...
▒▒..▒▒▒▒▒▒▒▒▒.▒
▒..▒▒▒.▒▒ ▒...▒
▒.▒ ▒......▒ ▒.▒▒▒
▒H▒ ▒▒.▒▒▒▒▒▒ ▒.▒
▒5▒ ▒....... ▒.▒
▒.▒ ▒▒▒▒▒▒▒▒ ▒.▒
▒.▒ ▒.▒ ▒.▒ ▒.▒
▒.▒ ▒.▒ ▒.▒ ▒.▒
▒.▒ ▒▒▒.▒▒▒▒▒ ▒.▒


You could see a lemure.


Message History

You closely miss the lemure.
The lemure is severely wounded.
The lemure hits you but does no damage.
You sock the lemure!
You kill the lemure!
That felt strangely unrewarding.
You closely miss the lemure.
Your tail-slap misses the lemure.
The lemure hits you.
* * * LOW HITPOINT WARNING * * *
You hit the lemure but do no damage. The lemure hits you.
* * * LOW HITPOINT WARNING * * *
You barely miss the lemure. You tail-slap the lemure!
The lemure is moderately wounded.
The lemure hits you.
* * * LOW HITPOINT WARNING * * *
You hit the lemure.
You tail-slap the lemure, but do no damage.
The lemure is heavily wounded.
The lemure hits you.
* * * LOW HITPOINT WARNING * * *
The lemure hits you but does no damage.
Okay, then.
As you read the scroll labelled HYRAKEVESI, it crumbles to dust.
It is a scroll of identify.
i - 2 scrolls of fog The lemure hits you!
You die...

Action                   |  1- 3 |  4- 6 || total
-------------------------+-------+-------++-------
Melee: Mace              |    91 |   109 ||   200
       Tailslap          |     5 |    15 ||    20
 Abil: Rolling Charge    |     8 |     5 ||    13
  Use: Potion            |     1 |       ||     1
       Scroll            |       |     1 ||     1
Armor: Leather armour    |    32 |    45 ||    77
Dodge: Dodged            |    52 |    60 ||   112

Levels and vault maps discovered:
D:1:      dpeg_arrival_windows_large_door, layout_loops_ring,
          nicolae_figureground_sparkle
D:2:      layout_basic, serial_shops, nicolae_square_shop,
          nicolae_shop_bloodbath_and_beyond, shop, serial_bayou_pond_d,
          minmay_crystal_water, uniq_natasha
D:3:      layout_loops_ring, nzn_wu_jian_contemplation,
          lemuel_zombie_altar_yredelemnul, mainiacjoe_overflow_six_doors_small,
          bloody_makhleb, chequers_big_river, minmay_misc_feat_pillars
D:4:      layout_rooms, uniq_eustachio, uniq_pikel

Notes
Turn   | Place    | Note
-------+----------+-------------------------------------------
     0 | Abyss:1  | sanka the Palentonga Abyssal Knight began the quest for the
                  | Orb.
     0 | Abyss:1  | Reached XP level 1. HP: 19/19 MP: 2/2
    11 | D:1      | Escaped the Abyss
   189 | D:1      | Reached XP level 2. HP: 23/25 MP: 3/3
   336 | D:1      | Reached skill level 3 in Maces & Flails
   808 | D:1      | Reached ** piety under Lugonu
   939 | D:1      | Reached XP level 3. HP: 31/31 MP: 4/4
  1287 | D:2      | Found Cihin's Antique Armour Shop.
  1332 | D:2      | Reached skill level 4 in Maces & Flails
  1343 | D:2      | Found Zyhysuxeupn's Antique Armour Shoppe.
  1722 | D:2      | Found Boni's Weapon Emporium.
  1850 | D:2      | Noticed Natasha
  1860 | D:2      | Killed Natasha
  1861 | D:2      | Reached XP level 4. HP: 22/37 MP: 5/5
  1949 | D:2      | Noticed Natasha
  1961 | D:2      | Killed Natasha
  2214 | D:2      | Bought a cloak for 76 gold pieces
  2272 | D:2      | Reached skill level 5 in Maces & Flails
  2272 | D:2      | Reached XP level 5. HP: 13/43 MP: 6/6
  3096 | D:3      | Found a burning altar of Makhleb.
  3152 | D:3      | Found a bloodstained altar of Trog.
  3248 | D:3      | Found an ornate altar of the Wu Jian Council.
  3370 | D:3      | Reached skill level 6 in Maces & Flails
  3429 | D:3      | HP: 3/43 [hobgoblin/stone (4)]
  3885 | D:3      | Found a basalt altar of Yredelemnul.
  4213 | D:4      | Noticed Pikel
  4213 | D:4      | Noticed a lemure
  4213 | D:4      | Noticed a lemure
  4213 | D:4      | Noticed a lemure
  4213 | D:4      | Noticed a lemure
  4239 | D:3      | Killed a lemure
  4259 | D:3      | Slain by a lemure

Vanquished Creatures
  A lemure (D:3)
  2 orc priests
  An orc wizard (D:3)
  Natasha (twice) (D:2)
  A hound zombie (D:3)
  4 adders
  An adder zombie (D:3)
  2 dart slugs
  3 orcs (D:3)
  4 ball pythons
  3 endoplasms
  6 giant cockroaches
  4 hobgoblins
  4 jackals (D:1)
  6 kobolds
  2 quokkas
  8 bats
  3 frilled lizards
  4 goblins
  5 rats
66 creatures vanquished.

Vanquished Creatures (others)
  5 plants
5 creatures vanquished.

Grand Total: 71 creatures vanquished
